 Dungeon Sprint DCSS version 0.17-a0-1763-g847a857 (webtiles) character file.

828 Baka the Fighter (level 7, -14/53 HPs)
             Began as a Gargoyle Fighter on Sept 5, 2015.
             Demolished by a tentacle (20 damage)
             ... attached to a kraken
             ... in the Dungeon (Sprint II: "The Violet Keep of Menkaure").
             The game lasted 00:04:54 (696 turns).

Baka the Fighter (Gargoyle Fighter)                  Turns: 696, Time: 00:04:55

Health: -14/53     AC: 13    Str: 19    XL:     7   Next: 97%
Magic:  7/7        EV:  9    Int:  9    God:
Gold:   796        SH: 11    Dex: 11    Spells: 0 memorised, 6 levels left

rFire  . . .     SeeInvis .     a - +0 flail
rCold  . . .     Clarity  .     b - +0 scale mail
rNeg   + . .     SustAt   .     c - +0 shield
rPois  ∞         Gourm    .     (no helmet)
rElec  +         Spirit   .     (no cloak)
rCorr  .         Warding  .     (no gloves)
rMut   .         NoTele   +     (no boots)
MR     .....                    (no amulet)
Stlth  ..........               (no ring)
                                (no ring)

@: not resistant to hostile enchantments, extremely unstealthy
A: negative energy resistance 1, electricity resistance, unbreathing,
petrification resistance, rot immunity, AC +4
a: no special abilities


You were in the Dungeon.
You were not hungry.

You visited 1 branch You collected 972 gold pieces.
You spent 176 gold pieces at shops.

Inventory:

Hand weapons
 a - a +0 flail (weapon)
Armour
 b - a +0 scale mail (worn)
 c - a +0 shield (worn)
Magical devices
 l - a wand of flame (25)
Scrolls
 j - a scroll of remove curse {unknown}
 k - a scroll of blinking
Potions
 d - a potion of might
 f - a potion of curing
 g - a potion of heal wounds
 h - a potion of haste
 i - 2 potions of magic
Comestibles
 e - a bread ration


   Skills:
 - Level 10.4 Fighting
 - Level 7.2 Maces & Flails
 + Level 10.0 Armour
 - Level 2.6 Dodging
 - Level 0.5 Stealth
 + Level 9.6 Shields


You had 6 spell levels left.
You didn't know any spells.

Dungeon Overview and Level Annotations

Branches:
Dungeon (1/1)

Altars:

Shops:
D =:!!}![!=(%(%[?:

Annotations:
D exclusions: obsidian statue and oklob plant


Innate Abilities, Weirdness & Mutations

You are resistant to torment.
Your stone body is resilient (AC +4).
You are immune to poison.
You resist negative energy.
You are resistant to electric shocks.
You can survive without breathing.
You are immune to petrification.
You are immune to rotting.


Message History

Press: ? - help, Shift-Dir - straight line, f/p - kraken
Aim: a kraken (steam, water, lightly wounded)
The puff of flame hits the tentacle.
The tentacle is lightly wounded.
This wand has 26 charges left.
The tentacle slaps you! The tentacle slaps you!
The kraken is engulfed in a cloud of scalding steam.
The tentacle slaps you but does no damage.
The tentacle slaps you!!
* * * LOW HITPOINT WARNING * * *
You block the tentacle's attack.
Evoke which item? (* to show all) (? for menu, Esc to quit)
Zapping:
l - a wand of flame (26)
Press: ? - help, Shift-Dir - straight line, f/p - kraken
Aim: a kraken (steam, water, lightly wounded)
The puff of flame hits the tentacle.
The tentacle is lightly wounded.
This wand has 25 charges left.
The tentacle slaps you but does no damage. x2
The tentacle slaps you!!
You die...

####≈≈#+++#+++##
###≈≈≈.........#
..#≈≈≈≈.##+##..#
..#≈≈≈≈##.####.####
..#≈≈≈≈#.##..#....#
..#≈≈####...####..##
⌠.#≈##.###'###.##..#
..#≈###.##.###..#w.#
..'≈'.##'.<.'.##@w*#
..#≈#...##.###..#w**§#
###≈##.###'###.##Xw*...≈
###≈≈####.#.####{≈*....≈
##≈≈≈#.###.# ≈≈≈≈≈≈..≈ #
#†#≈##.#.##≈≈≈§§§≈§.≈
#≈##.#≈≈##+##≈≈≈≈≈§≈§≈≈≈
≈§§####≈≈≈≈≈≈≈≈≈≈§≈≈≈§≈≈
§§§ #+++#+++#≈§§§


You could see a kraken and 4 tentacles.

Vanquished Creatures
  2 hippogriffs (D)
  A vampire mosquito (D)
  4 brain worms (D)
  A crocodile (D)
  4 worker ants (D)
  3 worms (D)
15 creatures vanquished.

Vanquished Creatures (others)
  4 tentacles (D)
  47 tentacle segments (D)
51 creatures vanquished.

Grand Total: 66 creatures vanquished

Notes
Turn   | Place    | Note
--------------------------------------------------------------
     0 | D        | Baka the Gargoyle Fighter began the quest for the Orb.
     0 | D        | Reached XP level 1. HP: 14/14 MP: 1/1
     1 | D        | Noticed a brain worm
     1 | D        | Noticed a brain worm
     1 | D        | Noticed a brain worm
     1 | D        | Noticed a brain worm
     4 | D        | Killed a brain worm
     4 | D        | Reached skill level 5 in Fighting
     4 | D        | Reached skill level 5 in Armour
     4 | D        | Reached skill level 5 in Shields
     4 | D        | Reached XP level 2. HP: 18/21 MP: 2/2
     4 | D        | Reached XP level 3. HP: 22/26 MP: 3/3
     4 | D        | Reached XP level 4. HP: 26/31 MP: 4/4
     9 | D        | Killed a brain worm
     9 | D        | Reached skill level 6 in Fighting
     9 | D        | Reached XP level 5. HP: 28/37 MP: 5/5
    12 | D        | Killed a brain worm
    12 | D        | Reached skill level 7 in Fighting
    21 | D        | Killed a brain worm
    21 | D        | Reached skill level 8 in Fighting
    21 | D        | Reached XP level 6. HP: 31/44 MP: 6/6
   115 | D        | Noticed a worker ant
   115 | D        | Noticed a worker ant
   119 | D        | Killed a worker ant
   124 | D        | Killed a worker ant
   126 | D        | Noticed a worker ant
   126 | D        | Noticed a worker ant
   133 | D        | Killed a worker ant
   146 | D        | Killed a worker ant
   146 | D        | Reached skill level 9 in Fighting
   146 | D        | Reached skill level 5 in Maces & Flails
   349 | D        | Noticed a hippogriff
   349 | D        | Noticed a hippogriff
   356 | D        | Killed a hippogriff
   356 | D        | Reached skill level 1 in Dodging
   356 | D        | Reached XP level 7. HP: 51/51 MP: 7/7
   359 | D        | Killed a hippogriff
   359 | D        | Reached skill level 10 in Fighting
   385 | D        | Found Wopsuxe's Book Shop.
   385 | D        | Found Mateatamu's Food Boutique.
   385 | D        | Found Bomnag's Magic Scroll Boutique.
   385 | D        | Found Kuucin's Weapon Shop.
   386 | D        | Found Giyfead's Food Shop.
   386 | D        | Found Pelimuf's Antique Weapon Boutique.
   386 | D        | Found Omuy's Jewellery Shop.
   386 | D        | Found Xeif's Distillery.
   387 | D        | Found Pyer Mip's Distillery.
   387 | D        | Found Zuirgh Erimie's Gadget Shop.
   387 | D        | Noticed a hell hog
   388 | D        | Found Peujiuf's Antique Armour Shop.
   388 | D        | Found Podah's Antique Armour Boutique.
   389 | D        | Found Lokuitof's Distillery.
   389 | D        | Found Timpopna's Distillery.
   389 | D        | Noticed a crocodile
   389 | D        | Noticed a hell hog
   389 | D        | Noticed an oklob plant
   390 | D        | Found Menlop's Book Shoppe.
   390 | D        | Found Leanaf's Jewellery Boutique.
   399 | D        | Killed a crocodile
   406 | D        | Noticed an electric eel
   411 | D        | Noticed an electric eel
   411 | D        | Noticed an electric eel
   411 | D        | Noticed an electric eel
   412 | D        | Noticed an electric eel
   412 | D        | Noticed an electric eel
   412 | D        | Noticed an electric eel
   412 | D        | Noticed an electric eel
   413 | D        | Noticed a kraken
   413 | D        | Noticed an electric eel
   436 | D        | Noticed an obsidian statue
   464 | D        | Noticed a vampire mosquito
   496 | D        | Killed a vampire mosquito
   496 | D        | Reached skill level 10 in Armour
   510 | D        | Noticed a great orb of eyes
   582 | D        | Bought a wand of flame (30) for 176 gold pieces
   696 | D        | Demolished by a tentacle

Vault maps used:
D:        the_violet_keep_of_menkaure

Action                   |  1- 3 |  4- 6 |  7- 9 || total
-------------------------+-------+-------+-------++-------
Melee: Flail             |     3 |    73 |    41 ||   117
Evoke: Wand              |       |       |     5 ||     5
  Use: Potion            |       |     1 |       ||     1
